[ AOE2 MATCH · #505124282 ]
UnrankedSicilians vs Koreans
Player's team · WIN
Rival team · LOSS
[ REPLAY ANALYSIS · EXTRACTED FROM THE RECORDED GAME ]
Feudal
—
Castle
—
Imperial
—
| APM avg | 42.9 |
| APM peak | 61 |
| eAPM avg | 21.9 |
| Villagers / military | 56 / 0 |
Focus
⚔️ 31.6% · 🌾 68.4%
Feudal
10:23
Castle
—
Imperial
—
| APM avg | 59.2 |
| APM peak | 194 |
| eAPM avg | 15.8 |
| Villagers / military | 23 / 9 |
Focus
⚔️ 16.6% · 🌾 83.4%
Militia ×5 · Archer ×4
Match map
Initial resources + every placement click. Lines = walls · curves = elevation contours. ◆ gold · ⬟ stone · ● berries · ✦ relic · ◌ wall gap
Your base· ✓ Closed at 12:00 · 0t walls · 2 gate(s)
Damairukode's base· ✓ Closed at 12:00 · 10t walls · 2 gate(s)
Smoothed initial terrain · ◌ = detected wall gap · hover for details
Inputs per minute
— Liberty - - Damairukode
Build order — Liberty
78 actions detected in the replay
| 0:01 | Queue | Villager (Male) ×4 |
| 0:02 | Build | House |
| 0:04 | Build | House |
| 1:38 | Queue | Villager (Male) |
| 1:38 | Queue | Villager (Male) |
| 1:57 | Build | Lumber Camp |
| 2:07 | Queue | Villager (Male) |
| 2:07 | Queue | Villager (Male) |
| 2:34 | Queue | Villager (Male) |
| 2:35 | Queue | Villager (Male) |
| 3:01 | Queue | Villager (Male) |
| 3:01 | Queue | Villager (Male) |
| 3:10 | Queue | Villager (Male) |
| 3:11 | Queue | Villager (Male) |
| 3:14 | Queue | Villager (Male) |
| 3:15 | Queue | Villager (Male) |
| 3:58 | Queue | Villager (Male) |
| 4:42 | Build | House |
| 4:44 | Queue | Villager (Male) |
| 4:44 | Queue | Villager (Male) |
| 4:47 | Research | Loom |
| 5:08 | Queue | Villager (Male) |
| 5:23 | Queue | Villager (Male) |
| 5:23 | Queue | Villager (Male) |
| 5:23 | Queue | Villager (Male) |
| 5:24 | Queue | Villager (Male) |
| 6:04 | Queue | Villager (Male) |
| 6:09 | Queue | Villager (Male) |
| 6:22 | Queue | Villager (Male) |
| 6:33 | Queue | Villager (Male) |
| 6:33 | Queue | Villager (Male) |
| 6:34 | Queue | Villager (Male) |
| 6:38 | Build | House |
| 6:40 | Build | House |
| 8:13 | Queue | Villager (Male) |
| 8:51 | Build | Town Center |
| 9:14 | Queue | Villager (Male) |
| 9:28 | Build | Mill |
| 9:45 | Queue | Villager (Male) |
| 9:45 | Queue | Villager (Male) |
| 9:45 | Queue | Villager (Male) |
| 9:46 | Queue | Villager (Male) |
| 10:08 | Queue | Villager (Male) |
| 10:08 | Queue | Villager (Male) |
| 10:50 | Queue | Villager (Male) |
| 10:50 | Queue | Villager (Male) |
| 11:26 | Queue | Villager (Male) |
| 12:23 | Build | Town Center |
| 12:47 | Queue | Villager (Male) |
| 12:53 | Build | House |
| 13:11 | Build | House |
| 13:15 | Queue | Villager (Male) |
| 13:21 | Queue | Villager (Male) |
| 15:03 | Queue | Villager (Male) |
| 16:11 | Build | Town Center |
| 16:59 | Queue | Villager (Male) |
| 17:31 | Queue | Villager (Male) |
| 17:31 | Queue | Villager (Male) |
| 17:31 | Queue | Villager (Male) |
| 17:32 | Queue | Villager (Male) |
| 17:59 | Queue | Villager (Male) |
| 18:26 | Queue | Villager (Male) |
| 19:07 | Queue | Villager (Male) |
| 19:46 | Queue | Villager (Male) |
| 19:53 | Build | House |
| 20:07 | Build | Farm |
| 20:07 | Build | Farm |
| 20:08 | Build | Farm |
| 20:08 | Build | Farm |
| 20:08 | Build | Farm |
| 20:08 | Build | Farm |
| 20:08 | Build | Farm |
| 20:18 | Build | Lumber Camp |
| 20:59 | Build | Barracks |
| 21:07 | Queue | Villager (Male) |
| 21:21 | Build | House |
| 21:36 | Build | House |
| 21:39 | Queue | Villager (Male) |
Build order — Damairukode
44 actions detected in the replay
| 0:01 | Queue | Villager (Male) ×4 |
| 0:02 | Queue | Villager (Male) ×4 |
| 0:03 | Build | House |
| 0:04 | Build | House |
| 1:27 | Queue | Villager (Male) |
| 2:03 | Queue | Villager (Male) |
| 2:10 | Build | Lumber Camp |
| 2:15 | Queue | Villager (Male) |
| 2:48 | Queue | Villager (Male) |
| 3:03 | Queue | Villager (Male) |
| 3:46 | Queue | Villager (Male) |
| 4:07 | Queue | Villager (Male) |
| 4:11 | Research | Loom |
| 4:16 | Build | House |
| 4:40 | Build | Mill |
| 4:42 | Queue | Villager (Male) |
| 5:19 | Queue | Villager (Male) |
| 5:30 | Queue | Villager (Male) |
| 5:37 | Build | House |
| 5:44 | Queue | Villager (Male) |
| 6:29 | Queue | Villager (Male) |
| 6:34 | Queue | Villager (Male) |
| 8:13 | Research | Feudal Age |
| 8:58 | Build | Mining Camp |
| 10:06 | Build | Barracks |
| 10:23 | Age | Feudal Age |
| 10:26 | Build | Watch Tower |
| 10:34 | Queue | Villager (Male) |
| 10:35 | Queue | Villager (Male) |
| 11:17 | Build | Mining Camp |
| 11:30 | Build | Stone Wall |
| 11:36 | Build | Palisade Wall |
| 11:53 | Build | Archery Range |
| 12:43 | Queue | Archer |
| 12:43 | Queue | Archer |
| 12:57 | Queue | Archer |
| 12:57 | Queue | Archer |
| 13:11 | Build | Watch Tower |
| 13:18 | Build | House |
| 16:05 | Queue | Militia |
| 16:05 | Queue | Militia |
| 16:05 | Queue | Militia |
| 16:05 | Queue | Militia |
| 16:06 | Queue | Militia |
Match timeline
| 10:06 | Damairukode · first_building Barracks |
| 10:23 | Damairukode · age_up feudal |
| 11:30 | Damairukode · wall_segment Stone Wall x10 |
| 11:36 | Damairukode · wall_segment Palisade Wall x1 |
| 11:53 | Damairukode · first_building Archery Range |
| 20:59 | Liberty · first_building Barracks |
| 22:39 | Damairukode · resign |
[ AI ANALYSIS · 1 CREDIT ]
What really happened in this match?
Wolo.gg analyzes every decision: build order, eco, micro, common mistakes by bracket. Personalized analysis on WhatsApp or Discord in 30 seconds.
Civ guide
Sicilians
Perfil
Jugador #6175977